 Dungeon Crawl Stone Soup version 0.31-a0-150-g89dc3ad700 (webtiles) character file.

Game seed: 2559117544038748178

800 qw the Skirmisher (level 7, -1/63 HPs)
             Began as a Minotaur Hunter on June 8, 2023.
             Succumbed to a water moccasin's poison
             ... on level 6 of the Dungeon.
             The game lasted 00:01:42 (5460 turns).

qw the Skirmisher (Minotaur Hunter)                 Turns: 5460, Time: 00:01:42

Health: -1/63      AC:  6    Str: 15    XL:     7   Next: 59%
Magic:  6/6        EV: 13    Int:  6    God:
Gold:   218        SH:  5    Dex: 16    Spells: 6/6 levels left

rFire   + . .        Y - +0 orcbow
rCold   . . .        (shield currently unavailable)
rNeg    . . .        i - +2 leather armour {rF+}
rPois   .            (helmet restricted)
rElec   .            (no cloak)
rCorr   .            b - +0 pair of gloves
SInv    .            (no boots)
Will    .....        l - amulet of reflection
Stlth   +            (no ring)
HPRegen 0.30/turn    (no ring)
MPRegen 0.10/turn

%: reflection
@: lethally poisoned (-1 -> -19)
A: horns 2, retaliatory headbutt
a: no special abilities


You were on level 6 of the Dungeon.
You visited 2 branches of the dungeon, and saw 7 of its levels.

You collected 218 gold pieces.


Innate Abilities, Weirdness & Mutations

You have a pair of horns on your head.
You reflexively headbutt those who attack you in melee.


   Skills:
 - Level 6.0 Fighting
 + Level 8.3 Ranged Weapons
 - Level 1.0 Armour
 - Level 3.9 Dodging
 - Level 0.7 Stealth


You had 6 spell levels left.
You didn't know any spells.
Your spell library was empty.

Inventory:

Hand Weapons
 Y - a +0 orcbow (weapon)
Armour
 b - a +0 pair of gloves (worn)
 i - a +2 leather armour of fire resistance (worn)
Jewellery
 k - a ring of poison resistance
 l - an amulet of reflection (around neck)
Scrolls
 d - a scroll of identify
Potions
 a - a potion of attraction {unknown}
 c - a potion of mutation {unknown}
 e - a potion of brilliance {unknown}
 f - a potion of cancellation {unknown}
 g - a potion of invisibility {unknown}
 h - a potion of heal wounds {unknown}
 j - a potion of curing
 n - a potion of haste {unknown}

Dungeon Overview and Level Annotations

Branches:
Dungeon (6/15)             Temple (1/1) D:4

Altars:
Ashenzari
Dithmenos
Elyvilon
Fedhas
Gozag
Hepliaklqana
Kikubaaqudgha
Makhleb
Nemelex Xobeh
Qazlal
Ru
Sif Muna
Trog
Uskayaw
Vehumet
Yredelemnul
Zin
The Shining One


Message History

You shoot an arrow. The arrow barely misses the ogre.
The water moccasin bites you.
You are poisoned.
The water moccasin poisons you! You block the adder's attack.
The water moccasin misses you. You furiously retaliate!
You headbutt the water moccasin! The ogre barely misses you.
You shoot an arrow.
The arrow barely misses the water moccasin.
You feel very sick. The adder bites you but does no damage.
The water moccasin bites you but does no damage.
The adder bites you but does no damage. The water moccasin misses you.
You shoot an arrow. The arrow hits the water moccasin.
The water moccasin is heavily wounded.
You feel very sick. The ogre closely misses you.
The water moccasin bites you but does no damage.
The adder bites you but does no damage.
You shoot an arrow.
The arrow completely misses the water moccasin.
You feel sick.
The water moccasin bites you but does no damage.
You block the adder's attack. The ogre closely misses you.
The water moccasin bites you but does no damage.
You shoot an arrow.
The arrow closely misses the water moccasin.
You feel sick. The adder closely misses you.
The water moccasin bites you but does no damage.
The adder bites you but does no damage. The ogre barely misses you.
You shoot an arrow.
The arrow hits the water moccasin but does no damage.
The water moccasin is heavily wounded.
You feel sick. The water moccasin bites you!
You are lethally poisoned!
The water moccasin poisons you! The adder closely misses you.
You furiously retaliate!
You headbutt the adder. The water moccasin misses you. You furiously retaliate!
You headbutt the water moccasin. You shoot an arrow.
The arrow hits the water moccasin!
The water moccasin is almost dead.
You die...

.### ..# ####.#
#####....###
#..........# ##
#.###....#.## . .#####.#
##|###..# ...
...)...####.# ##.##..###
####.......... #@S......
.....######.....SO..####
.##### ....#...####
##[####.# #.# ### #.#


You could see a water moccasin, an ogre and an adder.

Vanquished Creatures
  Eustachio (D:5)
  Menkaure (D:6)
  2 ice beasts
  A jelly (D:5)
  2 orc priests
  A sleepcap (D:6)
  3 gnolls
  8 adders
  A white imp (D:5)
  An ufetubus (D:5)
  3 worms
  9 orcs
  6 ball pythons
  8 bats
  8 endoplasms
  2 giant cockroaches
  8 goblins
  8 hobgoblins
  14 jackals
  4 kobolds
  2 quokkas
  2 frilled lizards
  5 rats
100 creatures vanquished.

Notes
Turn   | Place    | Note
-------+----------+-------------------------------------------
     0 | D:1      | qw the Minotaur Hunter began the quest for the Orb.
     0 | D:1      | Reached XP level 1. HP: 18/18 MP: 0/0
     0 | D:1      | 0 ||| qw: Version: 0.2-a-119-g7aa9181
     0 | D:1      | 0 ||| qw: Game counter: 2827
     0 | D:1      | 0 ||| qw: Always use a shield: true
     0 | D:1      | 0 ||| qw: God list: Okawaru
     0 | D:1      | 0 ||| qw: Allow faded altars: false
     0 | D:1      | 0 ||| qw: Do Orc after D:15 true
     0 | D:1      | 0 ||| qw: Do second Lair branch before Depths: true
     0 | D:1      | 0 ||| qw: Lair rune preference: random
     0 | D:1      | 0 ||| qw: Plans: Normal
     0 | D:1      | 0 ||| PLANNING D:1-11
   203 | D:1      | Reached XP level 2. HP: 23/25 MP: 1/1
   315 | D:1      | Reached skill level 5 in Ranged Weapons
   633 | D:1      | Reached skill level 3 in Fighting
   979 | D:1      | 979 ||| READING scroll labelled VIASIN TOUWO.
   980 | D:1      | 980 ||| DROPPING scroll of butterflies.
  1007 | D:2      | 1007 ||| STAIRDANCE
  1111 | D:2      | Reached XP level 3. HP: 20/31 MP: 2/2
  1224 | D:2      | Found a faded altar of an unknown god.
  1299 | D:2      | 1299 ||| Stepping ~*~*~tactically~*~*~ (water).
  1326 | D:2      | 1326 ||| Stepping ~*~*~tactically~*~*~ (water).
  1845 | D:2      | 1845 ||| READING 2 scrolls labelled KACER CAMO.
  1846 | D:2      | 1846 ||| READING 2 scrolls labelled WAGER BOIHEIN.
  1847 | D:2      | 1847 ||| DRINKING 2 green potions.
  1848 | D:2      | 1848 ||| DROPPING potion of magic.
  1849 | D:2      | 1849 ||| DROPPING scroll of blinking.
  1893 | D:3      | Reached XP level 4. HP: 38/38 MP: 3/3
  1903 | D:3      | Reached skill level 6 in Ranged Weapons
  1942 | D:3      | 1942 ||| SWAPPING to +0 orcbow.
  1944 | D:3      | 1944 ||| DROPPING +0 shortbow.
  2256 | D:3      | 2256 ||| Stepping ~*~*~tactically~*~*~ (outnumbered).
  2363 | D:3      | Reached XP level 5. HP: 46/46 MP: 4/4
  2452 | D:3      | 2452 ||| UPGRADING to +2 leather armour of fire resistance.
  2462 | D:3      | 2462 ||| DROPPING +0 leather armour.
  2463 | D:3      | 2463 ||| DROPPING +1 ring mail of fire resistance.
  2464 | D:3      | 2464 ||| READING scroll labelled BEHIWN JUWEPH.
  2465 | D:3      | 2465 ||| READING scroll labelled YKEKUPTAPN.
  2466 | D:3      | 2466 ||| DRINKING 2 purple potions.
  2534 | D:3      | 2534 ||| STAIRDANCE
  2605 | D:3      | 2605 ||| STAIRDANCE
  2661 | D:3      | 2661 ||| STAIRDANCE
  2764 | D:3      | 2764 ||| STAIRDANCE
  2810 | D:3      | 2810 ||| STAIRDANCE
  2880 | D:3      | 2880 ||| READING 2 scrolls of identify.
  2880 | D:3      | 2880 ||| IDENTIFYING murky puce potion
  2881 | D:3      | 2881 ||| DROPPING potion of lignification.
  3321 | D:4      | Reached skill level 7 in Ranged Weapons
  3604 | D:4      | Found a staircase to the Ecumenical Temple.
  3605 | D:4      | 3605 ||| PLANNING TEMPLE
  3605 | D:4      | 3605 ||| UPGRADING to +0 pair of gloves.
  3616 | Temple   | Entered the Ecumenical Temple
  3761 | Temple   | 3761 ||| PLANNING D:1-11
  3927 | D:4      | Reached skill level 1 in Armour
  3950 | D:4      | Found a burning altar of Makhleb.
  4092 | D:5      | Entered Level 5 of the Dungeon
  4109 | D:5      | 4109 ||| Stepping ~*~*~tactically~*~*~ (outnumbered).
  4125 | D:5      | Reached XP level 6. HP: 35/52 MP: 5/5
  4283 | D:5      | Noticed an ice beast
  4294 | D:5      | HP: 5/52 [ice beast (12)]
  4295 | D:5      | Killed an ice beast
  4674 | D:5      | Reached skill level 8 in Ranged Weapons
  4720 | D:5      | Found a shadowy altar of Dithmenos.
  4993 | D:5      | Noticed Eustachio
  5002 | D:5      | Killed Eustachio
  5003 | D:5      | Reached skill level 3 in Dodging
  5003 | D:5      | Reached XP level 7. HP: 55/59 MP: 6/6
  5056 | D:5      | 5056 ||| UPGRADING to amulet of reflection.
  5061 | D:5      | 5061 ||| READING 2 scrolls labelled UNOAM ROKIAKEE.
  5062 | D:5      | 5062 ||| READING scroll labelled YFIXIWNYTIS.
  5163 | D:5      | 5163 ||| DROPPING scroll of amnesia.
  5216 | D:6      | 5216 ||| PLANNING OSSUARY
  5437 | D:6      | Noticed Menkaure
  5447 | D:6      | Killed Menkaure
  5448 | D:6      | Reached skill level 6 in Fighting
  5456 | D:6      | HP: 13/63 [poisoned by a water moccasin]
  5459 | D:6      | HP: 3/63 [water moccasin (7)]
  5460 | D:6      | Succumbed to a water moccasin's poison

Levels and vault maps discovered:
D:1:      grunt_arrival_crossed_arrows, layout_loops_corners, serial_forest,
          infiniplex_forest_3_way, infiniplex_forest_corner_2,
          infiniplex_forest_lined_room_2, infiniplex_forest_lined_room_2,
          infiniplex_forest_straight_4, infiniplex_forest_end_1
D:2:      layout_loops_ring, ebering_ecumenical_altar_hall, minmay_fountain_box,
          serial_bayou_lagoon_b
D:3:      minmay_recursive_quarters, layout_rooms
D:4:      layout_layer_cave, overflow_temple_1_default,
          minmay_temple_entry_nine_rooms
D:5:      layout_basic, mainiacjoe_overflow_catwalk, uniq_eustachio
D:6:      layout_rooms, kennysheep_little_box, chequers_ossuary_entry_cave,
          hangedman_minor_gate_pass, uniq_blork_the_orc, uniq_menkaure
Temple:   regret_index_temple_sphere_string

Skill      XL: |  1  2  3  4  5  6  7 |
---------------+----------------------+-----
Ranged Weapons | 5 6 7 8 |  8.3
Fighting       | 3 4 6 |  6.0
Armour         | 1 |  1.0
Dodging        | 3 |  3.9
Stealth        | |  0.7

Action                     |  1- 3 |  4- 6 |  7- 9 || total
---------------------------+-------+-------+-------++-------
   Fire: Shortbow          |   123 |     8 |       ||   131
         Orcbow            |       |   200 |    37 ||   237
    Use: Scroll            |     3 |     3 |     2 ||     8
         Potion            |     1 |     1 |       ||     2
 Armour: Leather armour    |    12 |    27 |    15 ||    54
  Dodge: Dodged            |    39 |    71 |    31 ||   141
  Block: Other             |       |       |     7 ||     7

Table legend:
 A = Non-vault XP
 B = Vault XP
 C = Vault XP percentage of total XP
 D = Non-vault monster count
 E = Vault monster count
 F = Vault count percentage of total count
                 A         B        C        D         E       F
            +---------+---------+-------+---------+---------+-------
      Total |     747 |     397 |  34.7 |      91 |       9 |   9.0
            +---------+---------+-------+---------+---------+-------
        D:1 |      30 |       0 |   0.0 |      15 |       0 |   0.0
        D:2 |      93 |       0 |   0.0 |      22 |       0 |   0.0
        D:3 |      98 |      23 |  19.0 |      27 |       7 |  20.6
        D:4 |      95 |       0 |   0.0 |      15 |       0 |   0.0
        D:5 |     261 |     191 |  42.3 |      10 |       1 |   9.1
        D:6 |     170 |     183 |  51.8 |       2 |       1 |  33.3
            +---------+---------+-------+---------+---------+-------
